 Dungeon Crawl Stone Soup version 0.27.1-3-gb3d3a73c9e (webtiles) character file.

Game seed: 4526931221922101985

4176 belegose the Skirmisher (level 10, -9/77 HPs)
             Began as a Ghoul Warper on Oct 5, 2021.
             Was a Follower of Hepliaklqana.
             Killed by divine providence
             ... invoked by an orc priest
              (11 damage)
             ... on level 8 of the Dungeon.
             The game lasted 00:23:29 (9843 turns).

belegose the Skirmisher (Ghoul Warper)              Turns: 9843, Time: 00:23:29

Health: -9/77      AC: 12    Str: 19    XL:     10   Next: 28%
Magic:  12/12      EV: 12    Int:  8    God:    Hepliaklqana [*.....]
Gold:   460        SH:  0    Dex:  8    Spells: 12/12 levels left

rFire    . . .     SeeInvis .   a - +2 scimitar
rCold    + . .     Faith    .   (no shield)
rNeg     + + +     Spirit   .   n - +0 chain mail
rPois    ∞         Reflect  .   (no helmet)
rElec    .         Harm     .   v - +0 cloak
rCorr    .         Rampage  .   (no gloves)
Will     .....                  G - +0 pair of boots
Stlth    ..........             (no amulet)
HPRegen  0.00/turn              t - +4 ring of evasion
MPRegen  0.13/turn              (no ring)

@: inhibited regen
A: reduced essence, claws 1, cold resistance 1, negative energy resistance 3,
inhibited regeneration, torment resistance 2
a: Renounce Religion, Recall Ancestor, Ancestor Identity


You were on level 8 of the Dungeon.
You worshipped Hepliaklqana.
Hepliaklqana was aware of your devotion.
You visited 2 branches of the dungeon, and saw 9 of its levels.

You collected 480 gold pieces.
You spent 20 gold pieces at shops.

Inventory:

Hand Weapons
 a - a +2 scimitar (weapon)
 e - a +2 spear of venom
Missiles
 d - 5 boomerangs of dispersal
 f - 2 throwing nets
 g - 355 stones (quivered)
 I - 8 curare-tipped darts
Armour
 n - a +0 chain mail (worn)
 v - a +0 cloak (worn)
 G - a +0 pair of boots (worn)
Jewellery
 t - a +4 ring of evasion (left claw)
Wands
 C - a wand of iceblast (29)
 D - a wand of acid (19)
 E - a wand of charming (8)
Scrolls
 b - a scroll of vulnerability {unknown}
 c - 2 scrolls of blinking
 h - 3 scrolls of silence {unknown}
 i - 2 scrolls of teleportation {unknown}
 q - a scroll of fear {unknown}
 r - a scroll of enchant weapon {unknown}
 u - 2 scrolls of noise {unknown}
 w - a scroll of magic mapping {unknown}
 y - a scroll of summoning {unknown}
 A - 2 scrolls of immolation {unknown}
Potions
 k - a potion of flight
 l - a potion of invisibility {unknown}
 m - a potion of attraction {unknown}
 o - 2 potions of might
 p - 4 potions of curing
 s - 2 potions of heal wounds
 z - a potion of mutation {unknown}
 B - a potion of magic {unknown}


   Skills:
 + Level 7.3 Fighting
 + Level 2.6 Long Blades
 - Level 1.7(3.0) Axes
 - Level 3.7(4.0) Polearms
 + Level 5.8 Throwing
 + Level 5.8 Armour
 - Level 4.4 Dodging
 - Level 1.7 Spellcasting
 - Level 2.6 Translocations
 + Level 4.7 Invocations
 + Level 3.9 Evocations


You had 12 spell levels left.
You didn't know any spells.
Your spell library contained the following spells:

 Spells                   Type           Power      Damage    Failure   Level
 Blink                    Tloc           N/A        N/A       88%         2
 Gell's Gravitas          Tloc           2%         N/A       98%         3
 Lesser Beckoning         Tloc           2%         N/A       98%         3
 Teleport Other           Tloc           5%         N/A       98%         3
 Passwall                 Tmut/Erth      0%         N/A       99%         2
 Portal Projectile        Hex/Tloc       4%         N/A       99%         3
 Dazzling Flash           Conj/Hex       0%         N/A       100%        3
 Summon Guardian Golem    Hex/Summ       0%         N/A       100%        3
 Swiftness                Air            0%         N/A       100%        3
 Agony                    Necr           0%         N/A       100%        5
 Excruciating Wounds      Necr           0%         N/A       100%        5
 Manifold Assault         Tloc           5%         N/A       100%        5
 Silence                  Hex/Air        0%         N/A       100%        5
 Invisibility             Hex            0%         N/A       100%        6
 Orb of Destruction       Conj           0%         N/A       100%        7
 Spellforged Servitor     Conj/Summ      0%         N/A       100%        7
 Blade Hands              Tmut           Unusable   N/A       N/A         5

Dungeon Overview and Level Annotations

Branches:
Dungeon (8/15)             Temple (1/1) D:4
   Lair: D:8-11

Altars:
Ashenzari
Cheibriados
Dithmenos
Elyvilon
Fedhas
Gozag
Hepliaklqana
Kikubaaqudgha
Makhleb
Nemelex Xobeh
Okawaru
Qazlal
Ru
Sif Muna
Trog
Uskayaw
Vehumet
Wu Jian
Xom
Yredelemnul
Zin
The Shining One

Shops:
D:2 ?


Innate Abilities, Weirdness & Mutations

Your life essence is reduced to manifest your ancestor. (-10% HP)
You thrive by killing the living.
You are immune to poison.
You have sharp fingernails.
Your flesh is cold resistant. (rC+)
You are immune to negative energy. (rN+++)
You do not regenerate when monsters are visible.
You are immune to unholy pain and torment.


Message History

The orc shouts!
You hear a shout!
The centaur zombie completely misses you.
You riposte.
You slash the centaur zombie!
The centaur zombie is heavily damaged.
The centaur zombie kicks you but does no damage.
An orc warrior comes into view. It is wielding a +0 halberd.
Blink to where?
Press: ? - help, Dir - move target An orc comes into view.
It is wielding a +0 club.
As you read the scroll of blinking, it crumbles to dust.
The orc shouts!
The orc priest closely misses you.
You riposte.
Your chain mail prevents you from hitting the orc priest.
The orc closely misses you. The orc hits you but does no damage.
The orc warrior hits you from afar with a +0 halberd!
* * * LOW HITPOINT WARNING * * *
Unknown command.
You barely miss the orc. The orc barely misses you.
The orc priest hits you with a +0 hand axe.
* * * LOW HITPOINT WARNING * * *
The orc misses you.
The orc warrior hits you from afar with a +0 halberd!
* * * LOW HITPOINT WARNING * * *
Unknown command.
Your chain mail prevents you from hitting the orc.
The orc hits you but does no damage.
The orc priest hits you with a +0 hand axe.
* * * LOW HITPOINT WARNING * * *
The orc hits you but does no damage.
The orc warrior hits you from afar with a +0 halberd.
* * * LOW HITPOINT WARNING * * *
The orc priest closely misses you.
You riposte.
You barely miss the orc priest. The orc closely misses you.
You riposte.
You closely miss the orc. You hit the orc.
The orc is heavily wounded.
The orc warrior barely misses you. The orc hits you but does no damage.
The orc priest mumbles some strange prayers to Beogh against you.
Beogh smites you!
You die...

###.##.## #. #...##.##
.. #.#.#...###.# ##
#.#.........# #
##.###Z..##### #
######...###z## #
.....o...z...# #
##oo.##### # ##@## #
#o### ####### #...
.......... ########.##
#.# ##### #.........# #
#.# # #.###.....# #.
#.# # #.# #.##..#
#.##.###### #
#.###.##..###.........#
# #..........#
##...###.###


You could see an orc warrior, a wight, an orc priest and 2 orcs.

Vanquished Creatures
  Harold (D:8)
  Pikel (D:3)
  A hornet (D:6)
  2 yaks (D:7)
  2 sky beasts
  2 ice beasts
  A necrophage (D:6)
  2 ogres
  A black bear (D:6)
  A centaur (D:6)
  A phantom (D:5)
  A wyvern zombie (D:5)
  A scorpion (D:5)
  A water moccasin zombie (D:6)
  A wyvern skeleton (D:7)
  4 wights (D:6)
  A howler monkey (D:5)
  3 bullfrog zombies
  A gnoll shaman (D:5)
  2 jellies
  3 orc priests
  A centaur skeleton (D:7)
  An iguana (D:6)
  Terence (D:2)
  2 orc wizards
  A killer bee zombie (D:5)
  11 adders
  6 gnolls
  A white imp (D:6)
  An ufetubus (D:7)
  5 dart slugs
  19 orcs
  8 ball pythons
  4 bats
  7 endoplasms
  3 giant cockroaches
  4 goblins
  11 hobgoblins
  4 jackals
  9 quokkas
  2 frilled lizards
  5 kobolds
  5 rats
144 creatures vanquished.

Vanquished Creatures (collateral kills)
  A yak (D:7)
  A wyvern (D:8)
  An orc warrior (D:7)
  A wyvern skeleton (D:7)
  A wight (D:8)
  A centaur skeleton (D:7)
  A killer bee zombie (D:7)
  2 orcs (D:7)
9 creatures vanquished.

Vanquished Creatures (others)
  3 ancestors
3 creatures vanquished.

Grand Total: 156 creatures vanquished

Notes
Turn   | Place    | Note
-------+----------+-------------------------------------------
     0 | D:1      | belegose the Ghoul Warper began the quest for the Orb.
     0 | D:1      | Reached XP level 1. HP: 17/17 MP: 2/2
    40 | D:1      | Reached skill level 1 in Throwing
    40 | D:1      | Reached skill level 1 in Armour
   274 | D:1      | Reached XP level 2. HP: 25/25 MP: 3/3
   380 | D:1      | You fall into a shaft and drop 1 floor!
   585 | D:2      | Found Feacwe's Magic Scroll Emporium.
   594 | D:2      | Bought a scroll of identify for 20 gold pieces
   652 | D:2      | Reached XP level 3. HP: 19/30 MP: 4/4
   879 | D:2      | Reached skill level 1 in Polearms
  1232 | D:1      | Reached XP level 4. HP: 37/37 MP: 5/5
  1563 | D:2      | Noticed Terence
  1573 | D:2      | Killed Terence
  1804 | D:2      | Reached skill level 3 in Fighting
  1850 | D:2      | Reached XP level 5. HP: 42/45 MP: 6/6
  1952 | D:2      | Noticed an ogre
  2358 | D:3      | Found a faded altar of an unknown god.
  2803 | D:3      | Reached XP level 6. HP: 35/51 MP: 7/7
  3506 | D:4      | Noticed Pikel
  3799 | D:3      | Killed Pikel
  3800 | D:3      | Reached skill level 4 in Fighting
  3800 | D:3      | Reached XP level 7. HP: 7/60 MP: 8/8
  4191 | D:4      | You fall into a shaft and drop 1 floor!
  4191 | D:5      | Entered Level 5 of the Dungeon
  4247 | D:4      | Found a staircase to the Ecumenical Temple.
  4372 | Temple   | Entered the Ecumenical Temple
  4543 | Temple   | Became a worshipper of Hepliaklqana the Forgotten
  4715 | D:5      | Reached XP level 8. HP: 59/67 MP: 9/9
  4851 | D:5      | Reached skill level 5 in Fighting
  5333 | D:5      | Found a burning altar of Makhleb.
  5333 | D:5      | Found a bloodstained altar of Trog.
  5509 | D:5      | Found an ornate altar of the Wu Jian Council.
  5974 | D:5      | Reached skill level 1 in Invocations
  6038 | D:6      | Reached skill level 1 in Evocations
  6327 | D:6      | Found a shimmering altar of Xom.
  6360 | D:6      | Reached XP level 9. HP: 72/75 MP: 10/10
  6417 | D:6      | Reached skill level 6 in Fighting
  6536 | D:6      | Noticed a hornet
  6546 | D:6      | Killed a hornet
  7184 | D:6      | Reached skill level 5 in Armour
  7324 | D:6      | Reached * piety under Hepliaklqana
  7424 | D:7      | Reached skill level 5 in Throwing
  8078 | D:7      | Reached skill level 1 in Long Blades
  8571 | D:7      | Reached XP level 10. HP: 53/75 MP: 12/12
  8863 | D:7      | Reached skill level 7 in Fighting
  9759 | D:8      | Noticed Harold
  9767 | D:8      | Killed Harold
  9842 | D:8      | HP: 2/77 [orc warrior (3)]
  9843 | D:8      | Killed from afar by an orc priest

Illustrated notes

Levels and vault maps discovered:
D:1:      giann_forest_graveyard, layout_basic
D:2:      layout_loops_ring, serial_shops, nicolae_shop_crystal,
          chequers_arboretum, minmay_divided_ellipse, uniq_terence
D:3:      layout_basic, ebering_ecumenical_altar_abandoned, kennysheep_potato
D:4:      layout_rooms, minmay_temple_entry_purple_smoke, uniq_pikel
D:5:      layout_rooms, mainiacjoe_overflow_big_doors,
          gammafunk_temple_overflow_claw, chequers_serial_rivers_small_3,
          hangedman_decor_clover_reticule
D:6:      layout_loops_cross, mainiacjoe_overflow_catwalk
D:7:      layout_basic, st_stairs_9
D:8:      layout_loops_ring, uniq_erica, uniq_harold
Temple:   eino_temple_rhombus

Skill      XL: |  1  2  3  4  5  6  7  8  9 10 |
---------------+-------------------------------+-----
Throwing       | 1 2 3 4 5 |  5.8
Armour         | 1 2 3 4 5 |  5.8
Dodging        | 2 3 4 |  4.4
Polearms       | 1 2 3 |  3.7
Fighting       | 3 4 5 6 7 |  7.3
Invocations    | 2 4 |  4.7
Evocations     | 1 3 |  3.9
Long Blades    | 1 2 |  2.6
Axes           | |  1.7
Spellcasting   | |  1.7
Translocations | |  2.6

Action                   |  1- 3 |  4- 6 |  7- 9 | 10-12 || total
-------------------------+-------+-------+-------+-------++-------
Melee: Spear             |   107 |   188 |   284 |       ||   579
       Scimitar          |       |       |    64 |    23 ||    87
Throw: Stone             |       |     5 |    23 |       ||    28
Evoke: Wand              |       |       |     1 |     3 ||     4
  Use: Scroll            |       |       |       |     9 ||     9
Armor: Leather armour    |    28 |       |       |       ||    28
       Chain mail        |       |    88 |   126 |    17 ||   231
Dodge: Dodged            |    51 |    60 |   205 |    27 ||   343
       Rpst.: Scimitar   |       |       |    15 |     7 ||    22
